 Dungeon Crawl Stone Soup version 0.31-a0-1467-g53b6572822 (webtiles) character file.

Game seed: 286091157924543502

80394 Inarius the Unseen (level 16, 0/108 HPs)
             Began as a Kobold Chaos Knight on Dec 25, 2023.
             Was a Plaything of Xom.
             Slain by a vault guard
             ... wielding a +0 broad axe
              (4 damage)
             ... on level 13 of the Dungeon on Dec 28, 2023.
             The game lasted 00:56:44 (27951 turns).

Inarius the Unseen (Kobold Chaos Knight)           Turns: 27951, Time: 00:56:44

Health: 0/108      AC: 17    Str: 14    XL:     16   Next: 14%
Magic:  23/23      EV: 20    Int: 18    God:    Xom [..*...]
Gold:   1725       SH:  8    Dex: 16    Spells: 15/15 levels left

rFire   . . .        D - +4 dagger (chaos)
rCold   . . .        P - +0 kite shield
rNeg    . . .        T - +3 scale mail {rPois}
rPois   +            c - +1 hat of Honesty {Regen+}
rElec   +            S - +1 cloak
rCorr   .            t - +0 pair of gloves
SInv    +            J - +0 pair of boots
Will    ++...        V - amulet of the acrobat
Stlth   +++++++      M - ring of Raabrupt {rElec Will+ MP+9 Str+3}
HPRegen 1.18/turn    y - +5 ring of evasion
MPRegen 0.18/turn

%: acrobat, clarity
@: no status effects
A: small, no large weapons, nightstalker 3, horns 1, iridescent scales 1, see
invisible, clarity, clever 1, clumsy 1, deformed body, low MP 1, shaggy fur 1,
wild magic 1, evolution 1, inability to drink after injury 1, MP-powered wands,
noise suppression, persistent drain
a: Renounce Religion


You were on level 13 of the Dungeon.
You worshipped Xom.
You were a toy of Xom.
You visited 3 branches of the dungeon, and saw 21 of its levels.
You also visited: Sewer, Ossuary and Gauntlet.

You collected 2884 gold pieces.
You spent 1159 gold pieces at shops.

Inventory:

Hand Weapons
 D - a +4 dagger of chaos (weapon)
 I - a +4 scimitar of chaos
Armour
 c - the +1 hat of Honesty (worn) {Regen+}
   (You found it in a Gauntlet)

   Regen+:    It increases your rate of health regeneration.
 t - a +0 pair of gloves (worn)
 A - a +2 leather armour of positive energy
 F - a scarf of repulsion
 J - a +0 pair of boots (worn)
 L - +0 fire dragon scales
 N - the +2 pearl dragon scales of Hedging {+Inv rN+ Will- Str+6}
   (You acquired it on level 4 of the Lair of Beasts)

   Str+6:     It affects your strength (+6).
   rN+:       It protects you from negative energy.
   Will-:     It decreases your willpower.
   +Inv:      It lets you turn invisible.
 P - a +0 kite shield (worn)
 S - a +1 cloak (worn)
 T - a +3 scale mail of poison resistance (worn)
Jewellery
 i - the ring "Genomeonko" {rF+ Int+3 Dex-2 SInv}
   (You found it in a Gauntlet)

   [ring of protection from fire]

   Int+3:     It affects your intelligence (+3).
   Dex-2:     It affects your dexterity (-2).
   rF+:       It protects you from fire.
   SInv:      It lets you see invisible.
 u - a ring of protection from cold
 w - a ring of positive energy
 y - a +5 ring of evasion (right hand)
 K - a +6 ring of strength
 M - the ring of Raabrupt (left hand) {rElec Will+ MP+9 Str+3}
   (Xom gifted it to you on level 5 of the Lair of Beasts)

   [ring of magical power]

   Str+3:     It affects your strength (+3).
   rElec:     It insulates you from electricity.
   Will+:     It increases your willpower.
   MP+9:      It affects your magic capacity (+9).
 V - an amulet of the acrobat (around neck)
Wands
 h - a wand of flame (28)
 x - a wand of charming (11)
Scrolls
 b - 3 scrolls of blinking
 e - 12 scrolls of identify
 f - 5 scrolls of teleportation
 l - 4 scrolls of immolation
 n - 7 scrolls of fog
 o - a scroll of noise
 q - 3 scrolls of fear
 s - 4 scrolls of poison
 B - 3 scrolls of enchant armour
 C - 5 scrolls of vulnerability
 E - 2 scrolls of butterflies
 G - 4 scrolls of enchant weapon
 H - 4 scrolls of revelation
 Y - a scroll of brand weapon
Potions
 a - a potion of invisibility
 d - a potion of might
 g - 5 potions of haste
 j - 2 potions of heal wounds
 k - 2 potions of resistance
 m - 4 potions of enlightenment
 p - 4 potions of mutation
 r - 3 potions of berserk rage
 v - 2 potions of brilliance
 z - a potion of ambrosia
 Q - 3 potions of attraction
 R - 2 potions of curing
 Z - a potion of cancellation
Miscellaneous
 O - a phial of floods
 U - a box of beasts (inert)
 X - a phantom mirror


   Skills:
 * Level 15.4 Fighting
 + Level 12.8 Short Blades
 + Level 9.2 Armour
 + Level 10.7 Dodging
 + Level 20.3 Stealth
 + Level 0.5 Shields
 * Level 10.8 Evocations


You had 15 spell levels left.
You didn't know any spells.
Your spell library contained the following spells:

 Spells                   Type           Power      Damage    Failure   Level
 Apportation              Tloc           0%         N/A       97%         1
 Foxfire                  Conj/Fire      0%         2x1d4     97%         1
 Magic Dart               Conj           0%         1d3       97%         1
 Slow                     Hex            0%         N/A       97%         1
 Blink                    Tloc           0%         N/A       99%         2
 Call Imp                 Summ           0%         N/A       99%         2
 Cigotuvi's Dreadful Rot  Necr/Alch/Air  0%         N/A       99%         2
 Ensorcelled Hibernation  Hex/Ice        0%         N/A       99%         2
 Jinxbite                 Hex            0%         N/A       99%         2
 Lesser Beckoning         Tloc           0%         N/A       99%         2
 Static Discharge         Conj/Air       0%         3-3/arc   99%         2
 Confusing Touch          Hex            0%         N/A       100%        3
 Gell's Gravitas          Tloc           0%         N/A       100%        3
 Passwall                 Erth           0%         N/A       100%        3
 Sigil of Binding         Hex            0%         N/A       100%        3
 Swiftness                Air            0%         N/A       100%        3
 Teleport Other           Tloc           0%         N/A       100%        3
 Vampiric Draining        Necr           0%         2d6       100%        3
 Airstrike                Air            0%         2d(0-16)  100%        4
 Anguish                  Hex/Necr       0%         N/A       100%        4
 Cause Fear               Hex            0%         N/A       100%        4
 Dispel Undead            Necr           0%         3d6       100%        4
 Ignite Poison            Fire/Alch      0%         N/A       100%        4
 Summon Blazeheart Golem  Fire/Summ      0%         N/A       100%        4
 Summon Lightning Spire   Summ/Air       0%         N/A       100%        4
 Alistair's Intoxication  Alch           0%         N/A       100%        5
 Freezing Cloud           Conj/Ice/Air   0%         6-21      100%        5
 Yara's Violent Unravell  Hex/Alch       0%         3d3       100%        5
 Plasma Beam              Fire/Air       0%         2x1d10    100%        6
 Starburst                Conj/Fire      0%         6d3       100%        6
 Enfeeble                 Hex            0%         N/A       100%        7
 Spellforged Servitor     Conj/Summ      0%         N/A       100%        7


Dungeon Overview and Level Annotations

Branches:
Dungeon (14/15)            Temple (0/1) D:6            Lair (5/5) D:11
 Shoals (0/4) Lair:3        Snake (0/4) Lair:3        Slime (0/5) Lair:4
    Orc (2/2) D:10            Elf (0/3) Orc:2        Vaults (0/5) D:14
  Sewer (visited)         Ossuary (visited)         Gauntlet (visited)

Altars:
Ashenzari
Gozag
Kikubaaqudgha
Nemelex Xobeh
Qazlal
Vehumet
Wu Jian
Xom
Zin
The Shining One
Jiyva

Shops:
D:3 (   D:5 (   D:8 (   D:9 (   Orc:2 [?[(

Portals:
Trove: D:12 (give 7 scrolls of fear)

Annotations:
Lair:2 1 runed translucent door
Lair:4 1 runed translucent door
Lair:5 exclusion: oklob plant


Innate Abilities, Weirdness & Mutations

You are small and have problems with some larger weapons.
You are completely attuned to the shadows.
You have a pair of small horns on your head.
You are partially covered in iridescent scales. (AC +2)
You have supernaturally acute eyesight. (SInv)
You possess an exceptional clarity of mind.
Your mind is acute. (Int +4, Str/Dex -1)
You are clumsy. (Dex -2)
Armour fits poorly on your strangely shaped body.
Your magical capacity is low. (-10% MP)
You are covered in fur. (AC +1)
Your spells are a little harder to cast, but a little more powerful.
You have hidden genetic potential.
You occasionally lose the ability to drink potions when taking damage.
You expend magic power (3 MP) to strengthen your wands.
You passively dampen the noise of your surroundings.
Your health recovers twice as slowly from being drained.


Message History

The vault guard hits you but does no damage.
You hit the vault guard but do no damage.
You headbutt the vault guard, but do no damage.
The vault guard is severely wounded.
The vault guard completely misses you.
You hit the vault guard but do no damage.
Your headbutt misses the vault guard.
The vault guard is severely wounded.
You block the vault guard's attack.
You closely miss the vault guard.
The vault guard is severely wounded.
The vault guard hits you with a +0 broad axe!
* * * LOW HITPOINT WARNING * * *
The vault guard blocks your attack.
The vault guard is severely wounded.
The vault guard hits you with a +0 broad axe.
* * * LOW HITPOINT WARNING * * *
You hit the vault guard but do no damage.
The vault guard is severely wounded.
You block the vault guard's attack.
You hit the vault guard but do no damage.
The vault guard is severely wounded.
The vault guard closely misses you. The vault guard blocks your attack.
Your headbutt misses the vault guard.
The vault guard is severely wounded.
The vault guard hits you with a +0 broad axe.
* * * LOW HITPOINT WARNING * * *
You open the lid... ...and a mature oxbat beast flies out!
The box is emptied!
The vault guard hits you with a +0 broad axe!!
* * * LOW HITPOINT WARNING * * *
The vault guard barely misses you. The vault guard blocks your attack.
The vault guard is severely wounded.
The vault guard misses you.
You hit the vault guard but do no damage.
You drain the vault guard.
The vault guard is severely wounded.
The vault guard hits you with a +0 broad axe.
You die... "I guess I need a new plaything now."

......##
#.#.........#.####.....
#######
#.#....................
#......###.##.######...
##.#....##.##.# ##.#
###..##.##.##.# #.#
#.......##.##.### #.#
#.##............# #.#
#.###.#p##......# #.#
#.##..@H##....[.# #.#
#.##(.#.##......# #..
#.##..#.##......# ##.
#..........###### #(
####.####### #. #.#
######. #.# ### #......
#.# ##.## #.#####
#.######...###.#


You could see a vault guard (fast, poisoned, drained, ally target) and a
friendly mature oxbat beast (summoned).

Vanquished Creatures
  A sphinx (Orc:2)
  A dire elephant (Lair:5)
  A minotaur (Gauntlet)
  A fire dragon (Lair:5)
  4 vault guards (D:14)
  6 hydras
  2 catoblepae
  A centaur warrior (D:13)
  2 boulder beetles (D:14)
  4 two-headed ogres
  2 death yaks (Lair:5)
  4 orc high priests
  2 tengu warriors (D:13)
  Sonja (Orc:1)
  Nergalle (Orc:1)
  A skyshark (Lair:3)
  A swamp dragon (Lair:5)
  3 lindwurms
  7 orc knights
  A harpy (Lair:5)
  3 orc sorcerers
  4 cyclopes
  A shining eye (Gauntlet)
  An oklob plant (Lair:3)
  Maurice (D:10)
  A moth of wrath (Lair:4)
  11 elephants (Lair:5)
  A water nymph (Lair:5)
  An orange demon (Gauntlet)
  4 black mambas
  2 gargoyles
  8 cane toads
  7 rime drakes
  9 komodo dragons
  Psyche (D:9)
  6 trolls
  2 polar bears
  14 blink frogs
  3 hornets
  Grinder (D:6)
  A raiju (Lair:1)
  A glass eye (Gauntlet)
  Prince Ribbit (D:6)
  9 dream sheep
  4 slime creatures (D:14)
  A shadow (D:12)
  Sigmund (D:4)
  9 wyverns
  42 yaks
  A vampire (D:11)
  A wraith (D:10)
  Eustachio (D:6)
  2 steam dragons
  10 basilisks
  5 vampire mosquitoes
  5 wargs
  A golden eye (Gauntlet)
  A redback (Orc:2)
  A fire bat (shapeshifter) (Lair:2)
  2 acid dragons
  Edmund (D:4)
  A naga (Lair:3)
  15 water moccasins
  A swamp drake (Lair:5)
  2 ice beasts
  2 black bears
  36 orc warriors
  2 ogres (Orc:1)
  2 centaurs
  19 wolves
  2 phantoms
  10 kobold brigands
  12 bullfrogs
  A brain worm (Sewer)
  A scorpion (D:5)
  3 elf skeletons (D:6)
  3 gnoll sergeants
  10 wights
  17 killer bees
  6 howler monkeys
  3 centaur zombies (Ossuary)
  A jelly (D:5)
  2 bombardier beetles
  4 hounds
  6 human zombies (D:6)
  22 orc priests
  A gnoll bouda (D:7)
  3 sleepcaps
  2 human skeletons (D:6)
  18 orc wizards
  5 iguanas
  4 crocodile zombies (Ossuary)
  2 mummies (Ossuary)
  34 gnolls
  2 river rats
  7 adders
  2 shadow imps
  9 worms
  2 dart slugs
  84 orcs
  6 bats
  12 endoplasms
  A giant cockroach (D:3)
  9 hobgoblins
  17 jackals
  23 kobolds
  3 quokkas
  10 ball pythons
  4 frilled lizards
  A gnoll zombie (Ossuary)
  5 goblins
  3 kobold zombies (Ossuary)
  An orc skeleton (D:6)
  14 rats
694 creatures vanquished.

Vanquished Creatures (collateral kills)
  A hydra (Lair:5)
  Urug (Lair:2)
  An orc high priest (Orc:2)
  An elephant (Lair:5)
  A troll (D:11)
  A blink frog (Lair:2)
  6 yaks (Lair:3)
  A vampire mosquito (D:14)
  2 water moccasins
  5 orc warriors
  3 ogres (Orc:1)
  A brain worm (Sewer)
  A bullfrog (Lair:2)
  2 wights (D:7)
  4 orc priests (Orc:2)
  An iguana (Lair:5)
  4 gnolls
36 creatures vanquished.

Vanquished Creatures (others)
  A dancing weapon (Orc:1)
  An orc high priest (Orc:2)
  An elephant (Lair:5)
  A rime drake (Orc:2)
  2 dream sheep
  A warg (Orc:1)
  A water moccasin (Lair:5)
  A centaur (D:11)
  2 gnoll sergeants
  2 orc zombies
  A dart slug (D:11)
14 creatures vanquished.

Grand Total: 744 creatures vanquished

Notes
Turn   | Place    | Note
-------+----------+-------------------------------------------
     0 | D:1      | Inarius the Kobold Chaos Knight began the quest for the
                  | Orb.
     0 | D:1      | Reached XP level 1. HP: 14/14 MP: 1/1
    50 | D:1      | Upgraded the game from 0.31-a0-1405-g2bb1a01664 to
                  | 0.31-a0-1447-g87ca8d402b
   100 | D:1      | XOM: divination: magic mapping
   135 | D:1      | Reached XP level 2. HP: 19/19 MP: 2/2
   218 | D:1      | XOM: silly message
   283 | D:1      | XOM: divination: detect items
   301 | D:1      | Reached XP level 3. HP: 21/24 MP: 3/3
  1204 | D:2      | Reached XP level 4. HP: 30/30 MP: 4/4
  1985 | D:3      | Reached skill level 1 in Stealth
  2183 | D:3      | Found an ornate altar of the Wu Jian Council.
  2283 | D:3      | XOM: silly message
  2441 | D:3      | Found Yrice's Weapon Boutique.
  2523 | D:3      | XOM: silly message
  2526 | D:3      | XOM: silly message
  2538 | D:3      | Reached skill level 1 in Armour
  2538 | D:3      | Reached XP level 5. HP: 34/34 MP: 5/5
  2750 | D:4      | Noticed Sigmund
  2760 | D:4      | Killed Sigmund
  2761 | D:4      | Reached skill level 5 in Fighting
  2761 | D:4      | Reached skill level 5 in Short Blades
  2761 | D:4      | Reached skill level 2 in Stealth
  2761 | D:4      | Reached XP level 6. HP: 40/40 MP: 6/6
  2795 | D:4      | XOM: silly message
  2796 | D:4      | XOM: 2-stop teleportation journey
  2799 | D:4      | Reached skill level 3 in Stealth
  2851 | D:4      | Noticed Edmund
  3034 | D:4      | XOM: give mutation
  3034 | D:4      | Gained mutation: Your flesh is heat resistant. (rF+) [Xom's
                  | grace]
  3078 | D:4      | Reached skill level 1 in Evocations
  3092 | D:4      | Reached XP level 7. HP: 44/44 MP: 7/7
  3147 | D:4      | Found a glowing drain.
  3153 | Sewer    | Entered a sewer
  3205 | Sewer    | XOM: scenery: create altars
  3437 | Sewer    | XOM: confusion
  3440 | Sewer    | XOM: summons 1 hostile shadow creature
  3484 | Sewer    | Reached skill level 4 in Stealth
  3888 | Sewer    | XOM: give mutations
  3888 | Sewer    | Gained mutation: You passively dampen the noise of your
                  | surroundings. [Xom's mischief]
  3888 | Sewer    | Gained mutation: Your system is resistant to poisons.
                  | (rPois) [Xom's mischief]
  3955 | Sewer    | XOM: confusion
  3961 | Sewer    | Reached XP level 8. HP: 24/51 MP: 6/8
  4335 | Sewer    | XOM: summons 4 hostile shadow creatures
  4626 | D:4      | XOM: 3-stop teleportation journey
  4641 | D:4      | Killed Edmund
  4779 | D:4      | XOM: summons 4 hostile demons
  5218 | D:5      | Entered Level 5 of the Dungeon
  5312 | D:4      | XOM: summons 5 hostile demons
  5313 | D:4      | Noticed a rust devil
  5339 | D:5      | XOM: summons 5 hostile demons
  5531 | D:5      | XOM: 3-stop teleportation journey
  5567 | D:5      | Reached XP level 9. HP: 29/56 MP: 9/9
  5746 | D:5      | Found Junoedy's Weapon Boutique.
  5795 | D:5      | Reached skill level 5 in Stealth
  5862 | D:5      | Reached skill level 5 in Dodging
  6076 | D:5      | XOM: polymorph something unseen -> centaur
  6438 | D:5      | XOM: give mutation
  6438 | D:5      | Lost mutation: Your system is resistant to poisons. (rPois)
                  | [Xom's mischief]
  6566 | D:5      | Found a glowing silver altar of Zin.
  6733 | D:6      | XOM: stealth player
  6734 | D:6      | Noticed Prince Ribbit
  6739 | D:6      | Killed Prince Ribbit
  6740 | D:6      | Reached skill level 6 in Stealth
  6740 | D:6      | Reached skill level 5 in Evocations
  6794 | D:6      | Found a sand-covered staircase.
  6810 | Ossuary  | Entered an ossuary
  7039 | D:6      | XOM: swap monsters
  7058 | D:6      | XOM: noise
  7072 | D:6      | Reached skill level 7 in Stealth
  7072 | D:6      | Reached XP level 10. HP: 63/64 MP: 10/10
  7210 | D:6      | Found a staircase to the Ecumenical Temple.
  7414 | D:6      | XOM: noise
  7443 | D:6      | XOM: butterfly on damage
  7445 | D:6      | XOM: butterfly on damage
  7609 | D:6      | Found a shimmering altar of Xom.
  7716 | D:6      | XOM: stat loss: -1 Int (13/14)
  7795 | D:6      | Noticed Eustachio
  7795 | D:6      | XOM: 1-stop teleportation journey
  7797 | D:6      | Killed Eustachio
  8066 | D:6      | XOM: give mutations
  8066 | D:6      | Gained mutation: Your spells are a little harder to cast,
                  | but a little more powerful. [Xom's mischief]
  8066 | D:6      | Gained mutation: You are dopey. (Int -2) [Xom's mischief]
  8066 | D:6      | Lost mutation: You are dopey. (Int -2) [Xom's mischief]
  8229 | D:6      | Noticed Grinder
  8233 | D:6      | Killed Grinder
  8384 | D:7      | XOM: chaos upgrade
  8430 | D:7      | XOM: give mutation
  8430 | D:7      | Gained mutation: You have hidden genetic potential. [Xom's
                  | mischief]
  8694 | D:7      | Reached skill level 8 in Stealth
  8717 | D:7      | XOM: silly message
  8758 | D:7      | XOM: polymorph black bear -> howler monkey
  8931 | D:7      | Found an ancient bone altar of Kikubaaqudgha.
  9004 | D:7      | XOM: fog
  9108 | D:7      | XOM: god gift: scroll labelled NOS FUZXEGU {god gift}
  9136 | D:7      | Noticed a komodo dragon
  9139 | D:7      | XOM: confuse monster(s)
  9140 | D:7      | Killed a komodo dragon
  9141 | D:7      | Reached skill level 5 in Armour
  9170 | D:7      | XOM: summons friendly ufetubus
  9282 | D:7      | XOM: polymorph ufetubus -> iron imp
  9583 | D:7      | XOM: give mutations
  9583 | D:7      | Gained mutation: A frigid envelope surrounds you and
                  | freezes all who hurt you. [Xom's grace]
  9583 | D:7      | Gained mutation: Your muscles are strong. (Str +4, Int/Dex
                  | -1) [Xom's grace]
  9692 | D:7      | XOM: scenery: 1 doors close
 10066 | D:8      | Found Tood's Antique Weapon Boutique.
 10074 | D:8      | Bought a runed rapier for 182 gold pieces
 10240 | D:8      | Reached skill level 9 in Stealth
 10371 | D:8      | Noticed Grum
 10372 | D:8      | XOM: cast spell 'Leda's Liquefaction'
 10375 | D:8      | XOM: scenery: summon butterflies
 10379 | D:8      | XOM: scenery: summon butterflies
 10391 | D:8      | Grum changed into Grum the hobgoblin
 10391 | D:8      | Noticed Grum
 10391 | D:8      | XOM: polymorph Grum -> Grum the hobgoblin
 10392 | D:8      | Killed Grum the hobgoblin
 10398 | D:8      | Reached XP level 11. HP: 64/69 MP: 11/11
 10417 | D:8      | XOM: god gift: 15 gold pieces
 10513 | D:8      | XOM: give mutations
 10513 | D:8      | Gained mutation: Your mind is acute. (Int +4, Str/Dex -1)
                  | [Xom's mischief]
 10513 | D:8      | Lost mutation: Your muscles are strong. (Str +4, Int/Dex
                  | -1) [Xom's mischief]
 10563 | D:8      | XOM: scenery: summon butterflies
 10796 | D:9      | XOM: divination: magic mapping
 10839 | D:9      | Reached skill level 10 in Short Blades
 10853 | D:9      | Gained mutation: You have sharp fingernails. [hidden
                  | potential]
 11101 | D:9      | Reached skill level 10 in Stealth
 11185 | D:9      | XOM: confuse monster(s)
 11197 | D:9      | Paralysed by a hornet for 1 turns
 11349 | D:9      | Found Cucyec's Antique Weapon Shop.
 11437 | D:9      | XOM: divination: magic mapping
 11540 | D:9      | Found a glowing golden altar of the Shining One.
 11663 | D:9      | Noticed Psyche
 11671 | D:9      | Killed Psyche
 11729 | D:9      | XOM: cloud trail
 11851 | D:9      | Found a broken altar of Ashenzari.
 12006 | D:10     | Entered Level 10 of the Dungeon
 12025 | D:10     | XOM: polymorph gnoll sergeant -> frilled lizard
 12211 | D:10     | XOM: cast spell 'Iskenderun's Battlesphere'
 12337 | D:10     | Noticed Maurice
 12341 | D:10     | Killed Maurice
 12342 | D:10     | Reached skill level 11 in Stealth
 12543 | D:10     | XOM: cloud trail
 12665 | D:10     | XOM: give mutations
 12665 | D:10     | Gained mutation: You are partially covered in iridescent
                  | scales. (AC +2) [Xom's grace]
 12665 | D:10     | Gained mutation: Your flesh is very heat resistant. (rF++)
                  | [Xom's grace]
 12675 | D:10     | Found a radiant altar of Vehumet.
 12676 | D:10     | XOM: give mutation
 12676 | D:10     | Gained mutation: Your mind is very acute. (Int +8, Str/Dex
                  | -2) [Xom's grace]
 12710 | D:10     | Found an opulent altar of Gozag.
 12711 | D:10     | Found a staircase to the Orcish Mines.
 12717 | D:10     | XOM: cleaving
 12724 | D:10     | Reached skill level 10 in Fighting
 13304 | D:11     | XOM: confusion (+ monsters)
 13406 | D:11     | Noticed a boulder beetle
 13410 | D:11     | XOM: polymorph acid dragon -> dart slug
 13419 | D:11     | Found a staircase to the Lair.
 13419 | D:11     | XOM: summons 1 hostile demon
 13827 | D:11     | Noticed a two-headed ogre
 13827 | D:11     | XOM: 4-stop teleportation journey
 13848 | D:11     | XOM: scenery: create altars
 13864 | D:11     | XOM: silly message
 13870 | D:11     | Killed a two-headed ogre
 13871 | D:11     | Reached XP level 12. HP: 38/78 MP: 12/12
 14145 | Lair:1   | Entered Level 1 of the Lair of Beasts
 14148 | Lair:1   | Noticed a catoblepas
 14152 | Lair:1   | Killed a catoblepas
 14153 | Lair:1   | Reached skill level 12 in Stealth
 14165 | Lair:1   | XOM: give mutations
 14165 | Lair:1   | Lost mutation: You have hidden genetic potential. [Xom's
                  | mischief]
 14165 | Lair:1   | Gained mutation: You expend magic power (3 MP) to
                  | strengthen your wands. [Xom's mischief]
 14165 | Lair:1   | Lost mutation: Your flesh is very heat resistant. (rF++)
                  | [Xom's mischief]
 14189 | Lair:1   | XOM: smoke on damage
 14212 | Lair:1   | XOM: scenery: summon butterflies
 14218 | Lair:1   | XOM: confusion
 14230 | Lair:1   | XOM: confusion
 14684 | Lair:1   | Reached skill level 13 in Stealth
 15031 | Lair:1   | XOM: summons 5 friendly demons
 15193 | Lair:1   | Noticed a boulder beetle
 15202 | Lair:1   | a boulder beetle changed into a raiju
 15202 | Lair:1   | XOM: polymorph boulder beetle -> raiju
 15339 | Lair:1   | XOM: noise
 15656 | Lair:2   | XOM: give mutations
 15656 | Lair:2   | Lost mutation: Your flesh is heat resistant. (rF+) [Xom's
                  | mischief]
 15656 | Lair:2   | Gained mutation: You have hidden genetic defects. [Xom's
                  | mischief]
 15656 | Lair:2   | Gained mutation: You have terrible hidden genetic defects.
                  | [Xom's mischief]
 15656 | Lair:2   | Gained mutation: You are covered in fur. (AC +1) [Xom's
                  | mischief]
 15665 | Lair:2   | XOM: polymorph blink frog -> shapeshifter
 16086 | Lair:2   | Reached skill level 14 in Stealth
 16121 | Lair:2   | Gained mutation: Your magical capacity is low. (-10% MP)
                  | [hidden defects]
 16131 | Lair:2   | Noticed a dire elephant
 16132 | Lair:2   | Noticed a catoblepas
 16153 | Lair:2   | Found a runed translucent door.
 16196 | Lair:2   | XOM: fog
 16197 | Lair:2   | XOM: cast spell 'Summon Dragon'
 16354 | Lair:2   | Noticed Urug
 16361 | Lair:2   | Killed Urug
 16362 | Lair:2   | Reached XP level 13. HP: 37/86 MP: 11/11
 16482 | Lair:2   | XOM: god gift: +1 rapier of venom
 16615 | Lair:2   | Gained mutation: Your health recovers twice as slowly from
                  | being drained. [hidden defects]
 16615 | Lair:2   | Lost mutation: You have terrible hidden genetic defects.
                  | [hidden defects expressed]
 16668 | Lair:2   | XOM: divination: detect creatures
 16669 | Lair:2   | XOM: scenery: summon butterflies
 16977 | Lair:3   | Found a gate leading to a gauntlet.
 16983 | Gauntlet | Entered a Gauntlet
 16983 | Gauntlet | Found a transporter.
 16986 | Gauntlet | Found a transporter.
 16987 | Gauntlet | Found a runed translucent door.
 17021 | Gauntlet | Found a transporter.
 17030 | Gauntlet | Noticed a reaper
 17036 | Gauntlet | Found a transporter.
 17054 | Gauntlet | Found a transporter.
 17067 | Gauntlet | Found a transporter.
 17074 | Gauntlet | Found a transporter.
 17092 | Gauntlet | Found a transporter.
 17112 | Gauntlet | Found a transporter.
 17126 | Gauntlet | Found a transporter.
 17138 | Gauntlet | Found a runed translucent door.
 17217 | Gauntlet | Noticed a balrug
 17342 | Gauntlet | Gained mutation: You are clumsy. (Dex -2) [a shining eye]
 17351 | Gauntlet | Reached skill level 15 in Stealth
 17388 | Gauntlet | XOM: fog
 17399 | Gauntlet | XOM: destruction
 17426 | Gauntlet | Found a transporter.
 17426 | Gauntlet | Found a transporter.
 17431 | Gauntlet | Found a transporter.
 17435 | Gauntlet | Found a transporter.
 17436 | Gauntlet | Identified the +1 hat of Honesty {Regen+}
 17439 | Gauntlet | XOM: polymorph hellwing -> orange demon
 17735 | Gauntlet | Identified the ring "Genomeonko" {rF+ Int+3 Dex-2 SInv}
 17752 | Gauntlet | Identified the +11 arbalest "ETAOIN SHRDLU" {penet, rF+}
 17752 | Gauntlet | Identified the +6 glaive of the Endless Expanse {vamp,
                  | rPois rF+}
 17752 | Gauntlet | Noticed a minotaur
 17753 | Gauntlet | XOM: summons 7 hostile demons
 17767 | Gauntlet | Killed a minotaur
 17789 | Gauntlet | Identified the maw talisman of the Okapi {*Corrode rPois
                  | rF+ Will++}
 17894 | Lair:3   | Found a staircase to the Snake Pit.
 17970 | Lair:3   | XOM: noise
 17972 | Lair:3   | XOM: confusion (+ monsters)
 18007 | Lair:3   | Gained mutation: Armour fits poorly on your strangely
                  | shaped body. [hidden defects]
 18070 | Lair:3   | XOM: divination: magic mapping
 18100 | Lair:3   | XOM: potion effect (invisibility)
 18248 | Lair:3   | Identified the +1 spear of Accord {holy, rElec Will+++
                  | rCorr}
 18298 | Lair:3   | Noticed a five-headed hydra
 18300 | Lair:3   | Reached skill level 16 in Stealth
 18303 | Lair:3   | Killed a five-headed hydra
 18368 | Lair:3   | XOM: silly message
 18385 | Lair:3   | Gained mutation: You occasionally lose the ability to drink
                  | potions when taking damage. [hidden defects]
 18385 | Lair:3   | Lost mutation: You have hidden genetic defects. [hidden
                  | defects expressed]
 18616 | Lair:3   | Found a staircase to the Shoals.
 19332 | Lair:4   | Identified a scroll of acquirement
 19335 | Lair:4   | Acquired the +2 pearl dragon scales of Hedging {+Inv rN+
                  | Will- Str+6}
 19373 | Lair:4   | Found a runed translucent door.
 19505 | Lair:4   | XOM: divination: detect items
 19562 | Lair:4   | XOM: noise
 19576 | Lair:4   | Found a staircase to the Slime Pits.
 19578 | Lair:4   | Found a viscous altar of Jiyva.
 19600 | Lair:4   | XOM: confusion (+ monsters)
 19612 | Lair:4   | XOM: noise
 19644 | Lair:4   | Reached skill level 17 in Stealth
 19856 | Lair:4   | Reached XP level 14. HP: 94/94 MP: 12/12
 19986 | Lair:4   | XOM: noise
 20289 | Lair:4   | XOM: silly message
 20352 | Lair:5   | Entered Level 5 of the Lair of Beasts
 20497 | Lair:5   | XOM: enchant monster (bad)
 20516 | Lair:5   | XOM: polymorph yak -> worm
 20626 | Lair:5   | XOM: summons 8 hostile demons
 20634 | Lair:5   | XOM: scenery: create altars
 20646 | Lair:5   | XOM: destruction
 20729 | Lair:5   | XOM: polymorph elephant -> warg
 20866 | Lair:5   | XOM: 2-stop teleportation journey
 21086 | Lair:5   | XOM: summons 2 friendly demons
 21503 | Lair:5   | XOM: cast spell 'Monstrous Menagerie'
 21549 | Lair:5   | XOM: divination: detect items
 21571 | Lair:5   | XOM: confusion (+ monsters)
 21582 | Lair:5   | Reached skill level 18 in Stealth
 21642 | Lair:5   | Got the Volume of Evil Illusion
 21666 | Lair:5   | Identified the ring of Raabrupt {rElec Will+ MP+9 Str+3}
                  | (Xom gifted it to you on level 5 of the Lair of Beasts)
 21666 | Lair:5   | XOM: god gift: ring of Raabrupt {rElec Will+ MP+9 Str+3}
 21856 | Lair:5   | XOM: cleaving
 21991 | Lair:5   | XOM: divination: detect items
 22035 | Lair:5   | XOM: enchant monster (good)
 22048 | Lair:5   | XOM: polymorph cane toad -> hound
 22116 | Lair:5   | XOM: scenery: summon butterflies
 22162 | Lair:5   | Noticed a dire elephant
 22162 | Lair:5   | Found the +10 Black Knight's barding {ponderous, rPois rN+}
 22167 | Lair:5   | Killed a dire elephant
 22182 | Lair:5   | XOM: polymorph cane toad -> centaur
 22441 | Lair:5   | Reached XP level 15. HP: 101/101 MP: 13/13
 22525 | Lair:5   | XOM: scenery: create altars
 22648 | D:10     | XOM: divination: detect creatures
 22661 | Orc:1    | Entered Level 1 of the Orcish Mines
 22720 | Orc:1    | XOM: destruction
 22735 | Orc:1    | XOM: god gift: +0 helmet of see invisible
 22776 | Orc:1    | XOM: 6-stop teleportation journey
 22777 | Orc:1    | XOM: polymorph orc warrior -> water moccasin
 22823 | Orc:1    | Noticed Sonja
 22827 | Orc:1    | Killed Sonja
 23060 | Orc:2    | XOM: stealth player
 23060 | Orc:2    | Entered Level 2 of the Orcish Mines
 23063 | Orc:2    | XOM: stat loss: -1 Str (12/13)
 23182 | Orc:2    | XOM: give mutations
 23182 | Orc:2    | Lost mutation: Your mind is very acute. (Int +8, Str/Dex
                  | -2) [Xom's mischief]
 23182 | Orc:2    | Lost mutation: You have sharp fingernails. [Xom's mischief]
 23182 | Orc:2    | Lost mutation: A frigid envelope surrounds you and freezes
                  | all who hurt you. [Xom's mischief]
 23244 | Orc:2    | Found a staircase to the Elven Halls.
 23266 | Orc:2    | XOM: enchant monster (bad)
 23279 | Orc:2    | Reached skill level 19 in Stealth
 23342 | Orc:2    | XOM: 7-stop teleportation journey
 23371 | Orc:2    | XOM: polymorph orc high priest -> faun
 23375 | Orc:2    | XOM: fake destruction
 23398 | Orc:2    | XOM: polymorph deep troll -> eight-headed hydra
 23404 | Orc:2    | Reached skill level 10 in Dodging
 23537 | Orc:2    | XOM: 4-stop teleportation journey
 23698 | Orc:2    | XOM: torment (51/101 hp)
 23802 | Orc:2    | XOM: swap monsters
 23975 | Orc:1    | Noticed Nergalle
 23977 | Orc:1    | Killed Nergalle
 24014 | Orc:1    | XOM: chaos cloud
 24022 | Orc:1    | Paralysed by you for 1 turns
 24122 | Orc:1    | XOM: enchant monster (bad)
 24123 | Orc:1    | XOM: enchant monster (bad)
 24536 | Orc:2    | XOM: god gift: scroll of butterflies
 24617 | Orc:2    | XOM: summons 9 friendly demons
 24841 | Orc:2    | XOM: destruction
 24972 | Orc:2    | XOM: polymorph orc knight -> rime drake
 24978 | Orc:2    | XOM: swap monsters
 25089 | Orc:2    | Reached skill level 10 in Evocations
 25256 | Orc:2    | XOM: cast spell 'Iskenderun's Battlesphere'
 25295 | Orc:2    | XOM: polymorph orc knight -> hornet
 25306 | Orc:2    | XOM: summons 2 hostile shadow creatures
 25307 | Orc:2    | Paralysed by a hornet for 2 turns
 25325 | Orc:2    | Reached skill level 15 in Fighting
 25526 | Orc:2    | XOM: noise
 25534 | Orc:2    | an orc high priest changed into a sphinx
 25534 | Orc:2    | Noticed a sphinx
 25534 | Orc:2    | XOM: polymorph orc high priest -> sphinx
 25625 | Orc:2    | XOM: summons friendly white imp
 25643 | Orc:2    | Killed a sphinx
 25741 | Orc:2    | Found Zuretwut's Magic Scroll Shop.
 25742 | Orc:2    | Found Sahoah's Antique Weapon Boutique.
 25743 | Orc:2    | Found Ysentoism's Antique Armour Boutique.
 25763 | Orc:2    | Found Nouduot's Antique Armour Boutique.
 25767 | Orc:2    | Bought a scroll of fear for 68 gold pieces
 25767 | Orc:2    | Bought a scroll of enchant weapon for 127 gold pieces
 25767 | Orc:2    | Bought a scroll of enchant weapon for 127 gold pieces
 25767 | Orc:2    | Bought a scroll of enchant armour for 127 gold pieces
 25770 | Orc:2    | Bought a masterwork leather armour for 189 gold pieces
 25770 | Orc:2    | Identified the +0 leather armour "Juhutzoma" {rElec Dex+4}
                  | (You bought it in a shop on level 2 of the Orcish Mines)
 25773 | Orc:2    | Bought a scroll of teleportation for 51 gold pieces
 25773 | Orc:2    | Bought a scroll of brand weapon for 161 gold pieces
 25773 | Orc:2    | Bought a scroll of revelation for 127 gold pieces
 25886 | D:11     | Upgraded the game from 0.31-a0-1447-g87ca8d402b to
                  | 0.31-a0-1467-g53b6572822
 25902 | D:12     | XOM: give mutations
 25902 | D:12     | Gained mutation: You have supernaturally acute eyesight.
                  | (SInv) [Xom's grace]
 25902 | D:12     | Gained mutation: You possess an exceptional clarity of
                  | mind. [Xom's grace]
 25902 | D:12     | Gained mutation: You have hidden genetic potential. [Xom's
                  | grace]
 25902 | D:12     | Gained mutation: You have a pair of small horns on your
                  | head. [Xom's grace]
 25998 | D:12     | XOM: confuse monster(s)
 26131 | D:12     | Found a portal to a secret trove of treasure.
 26664 | D:13     | Reached skill level 20 in Stealth
 27295 | D:13     | Found a sparkling altar of Nemelex Xobeh.
 27473 | D:14     | Reached XP level 16. HP: 108/108 MP: 14/14
 27486 | D:14     | XOM: noise
 27640 | D:14     | Found a stormy altar of Qazlal.
 27686 | D:14     | XOM: cast spell 'Summon Small Mammal'
 27707 | D:14     | XOM: noise
 27716 | D:14     | XOM: silly message
 27844 | D:14     | Found a gate to the Vaults.
 27878 | D:14     | XOM: scenery: summon butterflies
 27949 | D:13     | HP: 2/108 [vault guard/+0 broad axe (19)]
 27951 | D:13     | Slain by a vault guard

Illustrated notes

Levels and vault maps discovered:
D:1:      giann_wishing_wells, layout_loops_ring, serial_glass, glass_columns_a,
          glass_columns_a
D:2:      layout_loops_ring, minivault_19, minmay_gold_behind_fungi
D:3:      layout_loops_cross, nzn_wu_jian_council_hall, serial_shops,
          nicolae_shop_peninsula
D:4:      layout_basic, lightli_sewer_entry_pipes, uniq_sigmund, uniq_edmund
D:5:      layout_loops_cross, kennysheep_mini, serial_shops, shop,
          serial_bayou_pond_d, water_maze_lemuel
D:6:      layout_basic, tgw_xom, minmay_temple_entry_stoned_glass,
          nicolae_ossuary_entry_catacombs, uniq_eustachio, uniq_grinder,
          uniq_prince_ribbit1
D:7:      layout_gridville, old_standard_altar
D:8:      layout_loops_ring, serial_shops, shop, uniq_grum
D:9:      layout_irregular_city, lemuel_round_altar,
          nicolae_tso_carved_into_rock, serial_shops, nicolae_lakefront_shop,
          uniq_psyche
D:10:     layout_gridville, mainiacjoe_overflow_divided_tiny,
          minmay_orc_entry_guard_dogs, uniq_maurice
D:11:     layout_rooms, lair_entry_dummy
D:12:     layout_roguey, enter_trove_0
D:13:     layout_loops_cross, nemelex_lonely_heart_becter
D:14:     layout_big_octagon, erik_vaults_2, dk_noncrumbling_4,
          grunt_qazlal_sundering, uniq_rupert
Lair:1:   layout_cave_pods
Lair:2:   gammafunk_lair_enchanted_lake, layout_hall_layers,
          cheibrodos_lair_caveside_slide, uniq_urug
Lair:3:   layout_cave_pods, shoals_dummy_entry, dummy_snake_entry,
          gauntlet_entry_generic
Lair:4:   layout_regular_city, slime_entry_1, ebering_ghost_reflecting_pool,
          wad_woods_road_01, lemuel_fruit_tree, infiniplex_staircase_pool_2
Lair:5:   hangedman_lair_in_review, layout_hall_layers,
          guppyfry_lair_end_dragon, st_stairs_8, small_statue_intersection,
          dpeg_oklob_1
Orc:1:    layout_caves, regret_index_minedec_guest_junction, uniq_nergalle,
          uniq_sonja
Orc:2:    st_orc_pillars, layout_caves, bh_open_orc_temple

Skill      XL: |  1  2  3  4  5  6  7  8  9 10 11 12 13 14 15 |
---------------+----------------------------------------------+-----
Fighting       | 4 5 6 7 8 10 12 13 14 15 | 15.4
Dodging        | 3 4 5 6 7 8 9 10 | 10.7
Stealth        | 1 2 3 4 7 9 11 14 17 18 20 | 20.3
Armour         | 1 2 3 4 5 6 7 8 9 |  9.2
Short Blades   | 5 6 7 8 9 10 11 12 | 12.8
Evocations     | 1 2 4 5 6 7 9 10 | 10.8
Shields        | |  0.5

Action                     |  1- 3 |  4- 6 |  7- 9 | 10-12 | 13-15 | 16-18 || total
---------------------------+-------+-------+-------+-------+-------+-------++-------
  Melee: Short sword       |   110 |   156 |   750 |   101 |       |       ||  1117
         Punch             |     1 |     3 |    13 |    12 |    29 |       ||    58
         Dagger            |       |       |       |   797 |  1781 |   179 ||  2757
         Headbutt          |       |       |       |       |    27 |    50 ||    77
  Evoke: Wand              |       |       |    10 |    15 |    16 |     4 ||    45
         Phial of floods   |       |       |       |       |     2 |       ||     2
         Box of beasts     |       |       |       |       |     2 |     1 ||     3
         Phantom mirror    |       |       |       |       |     1 |       ||     1
    Use: Scroll            |       |     8 |     2 |     5 |     9 |       ||    24
         Potion            |       |     1 |     4 |     4 |    14 |       ||    23
   Stab: Sleeping          |     2 |     6 |    21 |    51 |    81 |     2 ||   163
         Confused          |     1 |     1 |     8 |    17 |    21 |     1 ||    49
         Petrifying        |       |     1 |     2 |     5 |     2 |       ||    10
         Paralysed         |       |       |     2 |     2 |     6 |     1 ||    11
         Held in net/web   |       |       |     1 |       |       |       ||     1
         Distracted        |       |       |     1 |     6 |    11 |     2 ||    20
         Petrified         |       |       |       |     1 |       |       ||     1
         Invisible         |       |       |       |       |     3 |     1 ||     4
 Armour: Leather armour    |     6 |       |       |       |       |       ||     6
         Scale mail        |    28 |    74 |   344 |   256 |   447 |    77 ||  1226
         Acid dragon scale |       |       |       |    75 |    96 |       ||   171
         Pearl dragon scal |       |       |       |       |    57 |       ||    57
         Skin              |       |       |       |       |    46 |       ||    46
  Dodge: Dodged            |    57 |    77 |   344 |   361 |  1100 |    77 ||  2016
  Block: Kite shield       |       |       |       |       |     7 |    47 ||    54

Table legend: (Time is in decaauts)
 A = Elapsed time spent in this place.
 B = Non-inter-level travel time spent in this place.
 C = Inter-level travel time spent in this place.
 D = Time resting spent in this place.
 E = Time spent auto-exploring this place.
 F = Levels seen in this place.
 G = Mean time per level.
                   A        B        C        D        E       F      G
               +--------+--------+--------+--------+--------+-----+--------+
         Total |  26638 |  25631 |   1007 |   3353 |  16009 |  24 | 1109.9 |
       Dungeon |  14210 |  13608 |    602 |   1475 |   9270 |  14 | 1015.0 |
          Lair |   7197 |   6919 |    278 |    919 |   4461 |   5 | 1439.4 |
  Orcish Mines |   2842 |   2715 |    127 |    428 |   1331 |   2 | 1421.0 |
         Sewer |   1433 |   1433 |      0 |    279 |    680 |   1 | 1433.0 |
       Ossuary |    154 |    154 |      0 |      0 |     32 |   1 |  154.0 |
      Gauntlet |    799 |    799 |      0 |    251 |    234 |   1 |  799.0 |
               +--------+--------+--------+--------+--------+-----+--------+

Top non-repeatable levels by time:
  Lair:5: 1940 daAuts
   Orc:2: 1828 daAuts
  Lair:1: 1591 daAuts
   Sewer: 1433 daAuts
     D:6: 1416 daAuts
     D:5: 1389 daAuts
    D:10: 1319 daAuts
     D:9: 1316 daAuts
  Lair:3: 1310 daAuts
     D:7: 1266 daAuts
     D:4: 1209 daAuts
  Lair:2: 1190 daAuts
  Lair:4: 1164 daAuts
   Orc:1: 1013 daAuts
     D:1: 959 daAuts
